Map: Neon Violet Square LE

Players

SamuraiFunn

  • Race: Protoss Protoss
  • League: Platinum
  • Spawn Location: 5:00

A.I. 1 (Very Hard) - Winner!

  • Race: Protoss Protoss
  • Spawn Location: 11:00

VOD

Have the link to the VOD?

Description

Time

  • Played on: Nov. 28, 2017, 10:29 p.m.
  • Length: 9:38
Show
View Real Time Build Order
Export as new Build Order

SamuraiFunn Protoss 

Build Orders:  

Get SALT Encoding   

  12  0:01  Probe  
  13  0:13  Probe  
  14  0:21  Pylon  
  14  0:27  Probe  
  15  0:39  Probe  
  16  0:48  Gateway  
  16  0:58  Probe  
  17  1:07  Assimilator  
  17  1:10  Probe (Chrono Boost)  
  18  1:11  Pylon  
  18  1:22  Probe (Chrono Boost)  
  19  1:26  Probe (Chrono Boost)  
  19  1:30  Pylon  
  20  1:36  Probe  
  20  1:39  Zealot (Chrono Boost)  
  23  1:42  Assimilator  
  23  1:45  Cybernetics Core  
  23  1:51  Probe  
  24  2:03  Gateway, Probe  
  25  2:16  Probe  
  26  2:26  Warp Gate (Chrono Boost)  
  26  2:30  Robotics Facility  
  26  2:35  Gateway  
  26  2:37  Stalker  
  28  2:48  Probe  
  29  3:00  Probe  
  30  3:08  Nexus  
  30  3:15  Probe  
  31  3:27  Probe  
  31  3:30  Pylon  
  31  3:33  Stalker  
  34  3:40  Probe, Pylon  
  35  3:54  Observer  
  36  3:59  Probe  
  37  4:03  Stalker  
  39  4:22  Probe x2  
  41  4:29  Stalker  
  43  4:32  Assimilator  
  43  4:34  Probe (Chrono Boost)  
  45  4:43  Stalker  
  45  4:44  Probe x2 (Chrono Boost)  
  48  4:46  Probe  
  48  4:48  Probe  
  50  4:56  Twilight Council  
  50  4:57  Stalker x2  
  54  5:01  Observer (Chrono Boost)  
  55  5:07  Pylon  
  55  5:19  Probe  
  55  5:21  Probe  
  61  5:22  Immortal (Chrono Boost)  
  61  5:31  Probe  
  61  5:33  Assimilator  
  61  5:35  Probe  
  63  5:43  Probe  
  63  5:47  Probe  
  65  5:51  Immortal (Chrono Boost)  
  65  5:54  Nexus  
  65  5:55  Probe  
  65  5:56  Pylon  
  70  5:59  Probe, Pylon  
  70  6:00  Blink (Chrono Boost)  
  71  6:08  Probe  
  72  6:11  Probe  
  72  6:15  Stalker x2  
  77  6:20  Probe  
  77  6:23  Probe  
  79  6:32  Probe  
  80  6:35  Probe  
  81  6:43  Immortal  
  85  6:47  Stalker x3  
  85  6:49  Probe x2  
  93  7:13  Probe x3  
  96  7:18  Assimilator  
  96  7:21  Stalker x3  
  96  7:22  Assimilator  
  102  7:25  Probe x3, Immortal  
  109  7:34  Pylon  
  109  7:36  Pylon  
  109  7:40  Pylon  
  109  7:44  Pylon  
  109  7:52  Probe x3  
  112  7:59  Forge  
  112  8:01  Forge  
  112  8:04  Probe x3  
  97  8:26  Stalker x2  
  97  8:27  Stalker  
  91  8:29  Immortal (Chrono Boost)  
  65  8:57  Stalker x3  
  65  9:02  Immortal (Chrono Boost)  
  75  9:21  Stalker x3  
Show
View Real Time Build Order
Export as new Build Order

A.I. 1 (Very Hard) Protoss - Winner!

Build Orders: Zealot Archon 

Get SALT Encoding   

  12  0:00  Probe  
  13  0:13  Probe  
  14  0:21  Pylon  
  14  0:25  Probe  
  15  0:39  Probe  
  16  0:47  Assimilator  
  16  0:50  Gateway  
  16  0:51  Probe  
  17  1:00  Pylon  
  17  1:04  Probe  
  18  1:16  Probe  
  19  1:28  Probe  
  20  1:39  Cybernetics Core, Zealot  
  22  1:40  Probe, Gateway  
  23  1:52  Probe  
  23  1:53  Pylon  
  24  2:04  Probe  
  24  2:06  Zealot  
  24  2:08  Assimilator  
  27  2:16  Probe  
  27  2:17  Warp Gate  
  28  2:27  Adept  
  28  2:28  Probe  
  31  2:33  Adept  
  33  2:45  Robotics Facility  
  33  2:46  Probe  
  34  2:55  Adept  
  36  3:01  Adept  
  38  3:06  Pylon  
  38  3:08  Probe  
  39  3:24  Adept  
  41  3:28  Sentry  
  41  3:32  Immortal  
  47  3:39  Pylon  
  47  3:57  Stalker x2  
  47  4:01  Pylon  
  51  4:13  Immortal  
  55  4:19  Probe  
  56  4:26  Twilight Council  
  56  4:47  Pylon  
  56  5:07  Templar Archives  
  56  5:15  Zealot  
  56  5:16  Gateway  
  58  5:21  Nexus  
  58  5:45  High Templar  
  60  5:52  High Templar  
  62  5:57  Archon  
  62  6:02  Pylon  
  62  6:20  Forge  
  62  6:21  High Templar  
  64  6:29  Forge  
  64  6:33  Probe  
  64  6:34  Probe  
  66  6:44  Assimilator  
  66  6:46  Probe  
  66  6:47  Probe  
  68  6:48  Assimilator  
  68  6:50  High Templar  
  70  6:58  Probe  
  70  6:59  Probe  
  70  7:00  Stalker  
  74  7:01  Pylon, Archon  
  74  7:10  Probe  
  74  7:11  Probe  
  76  7:21  High Templar  
  76  7:22  Probe  
  79  7:23  Probe  
  80  7:33  Photon Cannon  
  80  7:34  Probe  
  80  7:35  Probe, High Templar  
  84  7:39  Stalker  
  84  7:40  Pylon  
  86  7:46  Probe  
  86  7:47  Probe, Observer  
  89  7:53  Stalker  
  89  7:54  Gateway  
  92  7:58  Probe  
  92  7:59  Probe  
  92  8:02  Stalker  
  95  8:07  Pylon  
  95  8:08  Stalker  
  95  8:10  Probe  
  95  8:12  Probe  
  99  8:16  Sentry  
  95  8:25  Zealot  
  89  8:31  Zealot  
  87  8:39  Stalker  
  85  8:45  Adept  
  85  8:48  Zealot  
  89  8:51  Sentry  
  91  8:57  Photon Cannon  
  91  9:02  Stalker  
  93  9:05  Photon Cannon, Zealot  
  93  9:08  Sentry  
  97  9:14  Stalker  
  99  9:21  Nexus  
  95  9:25  Adept, Stalker  
  97  9:31  Stalker  
  97  9:37  Adept  
Tags
 
Composition
Zealot Archon
League
Platinum
Matchup
PvP
Replay Pack
First 100 games
Spawn Locations
Cross Positions
Add a new tag
Caveats
  • Supply blocks, unpowered buildings, or Contaminate may cause inaccurate times.
  • Supply counts are checked every 10 seconds.